 Dungeon Crawl Stone Soup version 0.23.2 (webtiles) character file.

Game seed: 11737516468886392243

56 Marnok the Twirler (level 3, -4/27 HPs)
             Began as a Demonspawn Gladiator on Apr 2, 2019.
             Was an Initiate of Okawaru.
             Slain by Crazy Yiuf
             ... wielding a +4 quarterstaff of chaos
              (14 damage)
             ... on level 2 of the Dungeon.
             The game lasted 00:03:31 (1518 turns).

Marnok the Twirler (Demonspawn Gladiator)           Turns: 1518, Time: 00:03:31

Health: -4/27      AC:  4    Str: 15    XL:     3   Next: 69%
Magic:  3/3        EV: 13    Int:  9    God:    Okawaru [......]
Gold:   79         SH:  0    Dex: 14    Spells: 2/2 levels left

rFire    . . .     SeeInvis .   a - +0 quarterstaff
rCold    . . .     Gourm    .   (shield currently unavailable)
rNeg     . . .     Faith    .   b - +0 leather armour
rPois    .         Spirit   .   c - +0 helmet
rElec    .         Reflect  .   (no cloak)
rCorr    .         Harm     .   (no gloves)
MR       .....                  (no boots)
Stlth    +.........             (no amulet)
HPRegen  0.09/turn              (no ring)
MPRegen  0.08/turn              (no ring)

@: hasted, very quick
A: claws 1, powered by pain 1
a: Renounce Religion


You were on level 2 of the Dungeon.
You worshipped Okawaru.
Okawaru was noncommittal.
You were not hungry.

You visited 1 branch of the dungeon, and saw 2 of its levels.

You collected 79 gold pieces.

Inventory:

Hand Weapons
 a - a +0 quarterstaff (weapon)
Missiles
 d - 3 throwing nets (quivered)
Armour
 b - a +0 leather armour (worn)
 c - a +0 helmet (worn)
Scrolls
 e - a scroll of identify {unknown}
 h - 2 scrolls of amnesia {unknown}
 j - a scroll of enchant weapon {unknown}
 l - a scroll of enchant armour {unknown}
 m - a scroll of remove curse {unknown}
Potions
 g - 2 potions of flight {unknown}
 i - a potion of brilliance {unknown}
 k - 2 potions of curing {unknown}
 o - a potion of agility {unknown}
Comestibles
 f - 6 rations
 n - a chunk of flesh


   Skills:
 + Level 2.2 Fighting
 + Level 3.4 Staves
 + Level 1.9 Throwing
 + Level 1.1 Armour
 + Level 3.1 Dodging
 + Level 0.1 Stealth


You had 2 spell levels left.
You didn't know any spells.
Your spell library was empty.

Dungeon Overview and Level Annotations

Branches:
Dungeon (2/15)

Altars:
Okawaru

Annotations:
D:2 Crazy Yiuf


Innate Abilities, Weirdness & Mutations

You have sharp fingernails.
You sometimes gain a little power by taking damage.


Message History

n - 2 chunks of flesh You see here a quokka skeleton.
Eating one of 2 chunks of flesh.
You eat one of the 2 chunks of flesh.
This raw flesh tastes terrible.
o - a viscous puce potion You now have 79 gold pieces (gained 13).
You see here a scale mail.
Found a mace.
Found a runed translucent door.
Crazy Yiuf shouts!
Crazy Yiuf screams, "You alas tortoise!"
You open the door. You hit Crazy Yiuf but do no damage.
Crazy Yiuf hits you with a +4 quarterstaff of chaos!
You feel yourself speed up.
You hit Crazy Yiuf.
Crazy Yiuf is moderately wounded.
Crazy Yiuf hits you with a +4 quarterstaff of chaos!
You convulse!
Ouch! That really hurt!
You die...

##### #..)#
#...# ... #g#
♣♣@♣ ♣.♣♣
####### ♣♣.♣
#.....# ♣.♣♣
#.....# ♣♣.♣♣
# #.....#
♣...♣♣
########### ##
#.....# ♣....♣
#.........#
.## #.....#
#+..+#
#.........#
..#
#.....###....#
#.........#


You could see Crazy Yiuf.

Vanquished Creatures
  An adder (D:2)
  A dart slug (D:2)
  2 leopard geckos
  2 giant cockroaches
  5 goblins
  5 hobgoblins
  6 jackals (D:1)
  2 quokkas (D:2)
  3 bats
  6 frilled lizards (D:1)
  A kobold (D:1)
  5 rats
39 creatures vanquished.

Notes
Turn   | Place    | Note
-------+----------+-------------------------------------------
     0 | D:1      | Marnok the Demonspawn Gladiator began the quest for the
                  | Orb.
     0 | D:1      | Reached XP level 1. HP: 16/16 MP: 1/1
    65 | D:1      | Gained mutation: You have sharp fingernails. [demonic
                  | ancestry]
    65 | D:1      | Reached XP level 2. HP: 8/22 MP: 2/2
   832 | D:1      | Gained mutation: You sometimes gain a little power by
                  | taking damage. [demonic ancestry]
   832 | D:1      | Reached XP level 3. HP: 21/27 MP: 3/3
  1090 | D:2      | Reached skill level 1 in Armour
  1316 | D:2      | Found an iron altar of Okawaru.
  1323 | D:2      | Became a worshipper of Warmaster Okawaru
  1512 | D:2      | Found a runed translucent door.
  1513 | D:2      | Noticed Crazy Yiuf
  1518 | D:2      | Slain by Crazy Yiuf

Skill      XL: |  1  2  3 |
---------------+----------+-----
Staves         | 3 |  3.4
Dodging        | 3 |  3.1
Armour         | 1 |  1.1
Fighting       | |  2.2
Throwing       | |  1.9
Stealth        | |  0.1

Action                   || total
-------------------------++-------
Melee: Quarterstaff      ||   123
 Stab: Sleeping          ||     1
  Eat: Chunk             ||     2
Armor: Leather armour    ||    43
Dodge: Dodged            ||   107
